[Event "Titled Tuesday Blitz February 21 Early 2023"]
[White "Dimitrov, Atanas"]
[Black "Szyszylo, Rafal"]
[WhiteFideId "2901315"]
[BlackFideId "1109626"]
[WhiteElo "2269"]
[BlackElo "2091"]
[Result "1-0"]
[Round "02"]
[TimeControl "180+2"]
[Date "2023.02.21"]
[WhiteClock "0:00:10"]
[BlackClock "0:00:01"]

1. Nf3 g6 2. e4 d6 3. d4 Nf6 4. Nc3 Bg7 5. h3 O-O 6. Be3 e5 7. dxe5 dxe5 8. Bd3 Qe7 9. O-O c6 10. Na4 Nbd7 11. Qe1 b5 12. Nc3 a5 13. a3 Nc5 14. Qe2 Bb7 15. Nd2 Nh5 16. g3 a4 17. Kh2 Rad8 18. Rad1 Kh8 19. Nf3 h6 20. Ne1 Nf6 21. Ng2 Rd7 22. Rd2 Rfd8 23. Rfd1 Kh7 24. f3 Ne8 25. Qf2 Nxd3 26. cxd3 Bf8 27. d4 exd4 28. Bxd4 Bg7 29. Bxg7 Nxg7 30. Ne3 Rxd2 31. Rxd2 Ne6 32. Nc2 Rd7 33. h4 Qd8 34. Rxd7 Qxd7 35. Qe2 Qd6 36. e5 Qc5 37. f4 h5 38. Ne4 Qc4 39. Nf6+ Kg7 40. Qd2 c5 41. Ne8+ Kf8 42. Nd6 Qf1 43. Nxb7 b4 44. axb4 cxb4 45. Nxb4 Qb5 46. Nd6 Qf1 47. Nd5 Kg7 48. Ne3 Qa6 49. f5 gxf5 50. Nexf5+ Kf8 51. Qh6+ 1-0


[Site "https://www.chess.com"]

[Event "Titled Tuesday Blitz February 21 Early 2023"]
[White "Kovacsy, Barnabas"]
[Black "Mindlin, Alon"]
[WhiteFideId "769290"]
[BlackFideId "2800071"]
[WhiteElo "2245"]
[BlackElo "2435"]
[Result "0-1"]
[Round "02"]
[TimeControl "180+2"]
[Date "2023.02.21"]
[WhiteClock "0:00:32"]
[BlackClock "0:01:12"]

1. e4 e5 2. Nf3 Nc6 3. Bb5 a6 4. Ba4 Nf6 5. O-O Be7 6. d3 b5 7. Bb3 d6 8. c3 O-O 9. Nbd2 Be6 10. Re1 h6 11. Nf1 Re8 12. Ng3 Bf8 13. Bc2 d5 14. h3 Bc5 15. Be3 Bxe3 16. Rxe3 dxe4 17. dxe4 Qxd1+ 18. Bxd1 Red8 19. Bc2 Nd7 20. Rd3 Nc5 21. Rxd8+ Rxd8 22. b3 b4 23. cxb4 Nxb4 24. Rd1 Rxd1+ 25. Bxd1 Nxa2 26. Nxe5 Bxb3 27. Bxb3 Nxb3 28. Kf1 Nc3 29. Ke1 a5 30. Nc4 a4 31. Na3 c6 32. Ne2 Nb5 33. Nxb5 cxb5 34. Kd1 a3 35. Nc3 Nc5 36. Kc2 b4 37. Nb5 Nxe4 38. f3 Nc5 39. Nd4 Kh7 40. Kb1 b3 41. Nb5 a2+ 42. Ka1 Kg6 43. Nd4 h5 44. g3 Kf6 45. h4 Ke5 46. Ne2 Kd5 47. g4 Kc4 48. gxh5 Kd3 49. Nc1+ Kc2 50. Nxb3 Kxb3 51. f4 Ka3 52. f5 Nb3# 0-1


[Site "https://www.chess.com"]

[Event "Titled Tuesday Blitz February 21 Early 2023"]
[White "Shuvalova, Polina"]
[Black "Koridze, Lile"]
[WhiteFideId "24171760"]
[BlackFideId "13612514"]
[WhiteElo "2484"]
[BlackElo "2191"]
[Result "1-0"]
[Round "02"]
[TimeControl "180+2"]
[Date "2023.02.21"]
[WhiteClock "0:00:07"]
[BlackClock "0:00:44"]

1. d4 Nf6 2. c4 e6 3. Bf4 d5 4. cxd5 exd5 5. e3 c6 6. Nc3 Bd6 7. Bxd6 Qxd6 8. Bd3 O-O 9. Nge2 Re8 10. O-O Nbd7 11. Qd2 Nf8 12. Rae1 Ng6 13. f3 Qd7 14. Kh1 Qd6 15. e4 dxe4 16. fxe4 Ng4 17. e5 Qd8 18. h3 Qh4 19. Ng1 c5 20. Nf3 Qh5 21. Bxg6 hxg6 22. dxc5 Nh6 23. Kh2 Ng4+ 24. Kg1 Nxe5 25. Nxe5 Rxe5 26. Rxe5 Qxe5 27. Qd8+ Kh7 28. Rxf7 Qxc5+ 29. Kh1 Qh5 30. Rf4 g5 31. Rf8 Kg6 32. Qe8+ Kh6 33. Rh8# 1-0


[Site "https://www.chess.com"]

[Event "Titled Tuesday Blitz February 21 Early 2023"]
[White "Malek, Jan"]
[Black "Corredor Castellanos, Camilo"]
[WhiteFideId "21864080"]
[BlackFideId "4425871"]
[WhiteElo "2370"]
[BlackElo "1957"]
[Result "1-0"]
[Round "02"]
[TimeControl "180+2"]
[Date "2023.02.21"]
[WhiteClock "0:00:49"]
[BlackClock "0:00:10"]

1. c4 g6 2. d4 Bg7 3. Nc3 c5 4. d5 a6 5. e4 b5 6. Nf3 b4 7. Ne2 Nf6 8. Ng3 d6 9. h4 h6 10. Bd3 Bg4 11. Be2 Nbd7 12. Nd2 Ne5 13. f3 Bc8 14. h5 g5 15. Ndf1 e6 16. Ne3 O-O 17. a4 Re8 18. b3 a5 19. Bb2 exd5 20. cxd5 g4 21. f4 Ned7 22. Nef5 Nf8 23. Nxg7 Kxg7 24. Bxg4 Kh7 25. Bxc8 Rxc8 26. Qc2 Nxd5 27. e5+ Kg8 28. Nf5 Re6 29. O-O-O Nc3 30. Bxc3 bxc3 31. Nxd6 Rb8 32. Qxc3 Qb6 33. Rh3 Qb4 34. Rg3+ Kh8 35. Nxf7+ Kh7 36. Qd3+ Ng6 37. Rxg6 1-0


[Site "https://www.chess.com"]

[Event "Titled Tuesday Blitz February 21 Early 2023"]
[White "Meera, Sai"]
[Black "Annaberdiyev, Meylis"]
[WhiteFideId "5004357"]
[BlackFideId "14000563"]
[WhiteElo "2064"]
[BlackElo "2495"]
[Result "0-1"]
[Round "02"]
[TimeControl "180+2"]
[Date "2023.02.21"]
[WhiteClock "0:00:01"]
[BlackClock "0:00:54"]

1. e4 c5 2. Nf3 e6 3. d4 cxd4 4. Nxd4 Nc6 5. Nc3 Qc7 6. a3 a6 7. Be3 Nf6 8. Be2 b5 9. f4 Nxd4 10. Qxd4 Bb7 11. e5 Nd5 12. Nxd5 Bxd5 13. O-O Rc8 14. Rac1 Bc5 15. Qd2 Bxe3+ 16. Qxe3 Qc5 17. Qxc5 Rxc5 18. Bf3 Ke7 19. Bxd5 Rxd5 20. Rfd1 Rxd1+ 21. Rxd1 Rc8 22. c3 f6 23. exf6+ gxf6 24. Kf2 Rc4 25. g3 d5 26. Rd4 Kd6 27. Ke3 e5 28. fxe5+ fxe5 29. Rd1 Re4+ 30. Kd3 h5 31. Rf1 Ke6 32. Rf8 h4 33. Rg8 hxg3 34. hxg3 a5 35. g4 Rf4 36. Ke3 b4 37. cxb4 axb4 38. axb4 Rxb4 39. Rg6+ Ke7 40. Rg5 Kd6 41. Rg6+ Kc5 42. Re6 Rb3+ 43. Ke2 Rxb2+ 44. Ke3 Rb3+ 45. Ke2 Kd4 46. g5 Rg3 47. g6 e4 48. Rd6 Rg2+ 49. Kf1 Rg5 50. Ke2 Ke5 51. Ra6 Kf5 52. Rd6 Ke5 53. Rc6 Rg2+ 54. Kf1 Rg4 55. Ke2 d4 56. Rc5+ Kf4 57. Rc6 d3+ 58. Kd2 Rg2+ 59. Kd1 Ke3 0-1


[Site "https://www.chess.com"]

[Event "Titled Tuesday Blitz February 21 Early 2023"]
[White "Sovetbekova, Nurai"]
[Black "Kononenko, Dmitry"]
[WhiteFideId "13801910"]
[BlackFideId "14113538"]
[WhiteElo "1764"]
[BlackElo "2256"]
[Result "0-1"]
[Round "02"]
[TimeControl "180+2"]
[Date "2023.02.21"]
[WhiteClock "0:00:02"]
[BlackClock "0:01:03"]

1. d4 Nf6 2. c4 c5 3. d5 b5 4. cxb5 a6 5. e3 g6 6. Nc3 Bg7 7. Nf3 O-O 8. a4 e6 9. dxe6 fxe6 10. Qc2 d5 11. Be2 Bb7 12. O-O axb5 13. Nxb5 Na6 14. Bd2 Rc8 15. Bc3 Qe7 16. Rfd1 d4 17. exd4 cxd4 18. Nbxd4 Nd5 19. Qb3 Nc5 20. Qc2 Nxc3 21. bxc3 Ne4 22. c4 Rfd8 23. Rab1 Nc5 24. Nb5 Be4 25. Qc1 Bxb1 26. Qxb1 Nxa4 27. Rc1 Nc5 28. h3 Rb8 29. Qc2 Qf7 30. Ng5 Qf5 31. Qxf5 exf5 32. Bf3 h6 33. Bd5+ Kf8 34. Ne6+ Nxe6 35. Bxe6 Rd2 36. Na3 Bb2 0-1


[Site "https://www.chess.com"]

[Event "Titled Tuesday Blitz February 21 Early 2023"]
[White "Rosen, Eric"]
[Black "Guzman Moneo, Alberto"]
[WhiteFideId "2032562"]
[BlackFideId "2209616"]
[WhiteElo "2349"]
[BlackElo "2170"]
[Result "1-0"]
[Round "02"]
[TimeControl "180+2"]
[Date "2023.02.21"]
[WhiteClock "0:00:07"]
[BlackClock "0:00:23"]

1. d4 Nf6 2. Bf4 c5 3. e3 Qb6 4. Na3 d6 5. Nc4 Qc7 6. a4 g6 7. e4 Bg7 8. e5 Nd5 9. exd6 Qd8 10. Be5 f6 11. dxc5 fxe5 12. Qxd5 e6 13. Qf3 Rf8 14. Qe3 Nc6 15. c3 Bd7 16. Nf3 Rf5 17. Bd3 Rh5 18. g4 Rh3 19. Bf1 Rh6 20. Nfxe5 Qh4 21. Nxd7 Kxd7 22. h3 g5 23. Bg2 Rf8 24. b4 Rhf6 25. Ra2 Rf4 26. b5 Rxc4 27. bxc6+ bxc6 28. O-O Rxc3 29. Qe4 Rxc5 30. Re1 Rf6 31. Rb2 Kxd6 32. Qd4+ Rd5 33. Bxd5 exd5 34. Qb4+ c5 35. Qb8+ Kc6 36. Qc8+ Kd6 37. Qd8+ Kc6 38. Qe8+ Kd6 39. Rbe2 d4 40. Re6+ Kd5 41. Qc6+ Kc4 42. Rc1+ Kd3 43. Qe4+ Kd2 44. Qc2# 1-0


[Site "https://www.chess.com"]

[Event "Titled Tuesday Blitz February 21 Early 2023"]
[White "Lauridsen, Jesper Morch"]
[Black "Souleidis, Georgios"]
[WhiteFideId "1401890"]
[BlackFideId "4206827"]
[WhiteElo "2309"]
[BlackElo "2419"]
[Result "1-0"]
[Round "02"]
[TimeControl "180+2"]
[Date "2023.02.21"]
[WhiteClock "0:00:13"]
[BlackClock "0:00:04"]

1. e4 c5 2. Nf3 e6 3. d4 cxd4 4. Nxd4 Nf6 5. Nc3 Nc6 6. Ndb5 Bc5 7. Bf4 O-O 8. Bc7 Qe7 9. Bd6 Bxd6 10. Qxd6 Qd8 11. O-O-O a6 12. Nd4 Ne7 13. Nb3 b5 14. Bd3 Ne8 15. Qg3 Bb7 16. e5 Rc8 17. Qh4 Ng6 18. Qxd8 Rxd8 19. Bxg6 fxg6 20. f3 Nc7 21. Nc5 Bc6 22. N3e4 Rf5 23. Rd6 Rxe5 24. Rhd1 Rd5 25. R1xd5 Bxd5 26. Nxd7 Kf7 27. Ne5+ Ke7 28. Rxd8 Kxd8 29. Ng5 h6 30. Nh3 g5 31. Nf2 Ke7 32. Nfd3 Kd6 33. b3 a5 34. c4 bxc4 35. bxc4 Bb7 36. Kd2 Na6 37. Kc3 Nc5 38. Nf7+ Kc6 39. Nd8+ Kb6 40. Nxc5 Bxf3 41. gxf3 Kxc5 42. Nxe6+ Kd6 43. Nxg7 Ke5 44. c5 Kd5 45. Nf5 Kxc5 46. Nxh6 Kd5 47. Nf7 1-0


[Site "https://www.chess.com"]

[Event "Titled Tuesday Blitz February 21 Early 2023"]
[White "Megalios, Konstantinos"]
[Black "Thiel, Thomas"]
[WhiteFideId "4238044"]
[BlackFideId "4615964"]
[WhiteElo "2372"]
[BlackElo "2234"]
[Result "1-0"]
[Round "02"]
[TimeControl "180+2"]
[Date "2023.02.21"]
[WhiteClock "0:01:53"]
[BlackClock "0:02:30"]

1. e4 d5 2. exd5 Nf6 3. Bb5+ Nbd7 4. d4 Nxd5 5. Nf3 c6 6. Be2 g6 7. O-O Bg7 8. c4 Nc7 9. Nc3 O-O 10. Be3 Nf6 11. h3 Bf5 12. Qb3 Qd6 13. Rad1 b5 14. c5 Qd7 15. Ne5 Qe8 16. Bf3 Nfd5 17. Nxc6 Qxc6 18. Nxd5 1-0


[Site "https://www.chess.com"]

[Event "Titled Tuesday Blitz February 21 Early 2023"]
[White "Decoster, Frederic"]
[Black "TheKnightOfBosnia"]
[WhiteFideId "204269"]
[WhiteElo "2301"]
[BlackElo "2616"]
[Result "0-1"]
[Round "02"]
[TimeControl "180+2"]
[Date "2023.02.21"]
[WhiteClock "0:00:01"]
[BlackClock "0:00:20"]

1. e4 e5 2. Nf3 Nc6 3. Bb5 a6 4. Ba4 Nf6 5. O-O b5 6. Bb3 Bb7 7. Re1 Bc5 8. c3 d6 9. d4 Ba7 10. Bg5 h6 11. Bh4 O-O 12. Qd3 Re8 13. Nbd2 g5 14. Bg3 Nh5 15. d5 Ne7 16. Nf1 Ng6 17. Ne3 Nhf4 18. Qd2 Bxe3 19. fxe3 Nh5 20. Bf2 g4 21. Kh1 gxf3 22. gxf3 Kh7 23. Rg1 Qf6 24. Qe2 Rg8 25. f4 Ng7 26. f5 Nf8 27. Rg4 Ne8 28. Bh4 Qh8 29. Rxg8 Qxg8 30. Rg1 Ng7 31. Bf6 Ng6 32. h4 Ne8 33. fxg6+ fxg6 34. Rf1 Nxf6 35. Rxf6 Rf8 36. Qf3 Kg7 37. Rxf8 Qxf8 38. Qh3 Bc8 39. Qg2 h5 40. Bd1 Qf6 41. Kg1 Kh6 42. Qg3 g5 43. hxg5+ Qxg5 44. Kh2 Qxg3+ 45. Kxg3 Kg5 46. Be2 h4+ 47. Kh2 Bg4 48. Bf1 Bf3 49. Bd3 Kg4 50. b4 Bd1 51. c4 Ba4 52. c5 Kf3 53. Kh3 Kxe3 0-1


[Site "https://www.chess.com"]

[Event "Titled Tuesday Blitz February 21 Early 2023"]
[White "Kalashian, David"]
[Black "Rose, Felix"]
[WhiteFideId "13302418"]
[BlackFideId "5105722"]
[WhiteElo "2398"]
[BlackElo "2091"]
[Result "1-0"]
[Round "02"]
[TimeControl "180+2"]
[Date "2023.02.21"]
[WhiteClock "0:02:41"]
[BlackClock "0:01:12"]

1. d4 d5 2. Nf3 Nf6 3. c4 e6 4. Nc3 Be7 5. Bf4 O-O 6. e3 b6 7. Rc1 c5 8. cxd5 Nxd5 9. Nxd5 Qxd5 10. Bc4 Qd8 11. dxc5 Qxd1+ 12. Kxd1 Bxc5 13. Ke2 Ba6 14. Rhd1 Bxc4+ 15. Rxc4 Nc6 16. a3 Na5 17. Rc2 Be7 18. b4 Nb7 19. Rd7 1-0


[Site "https://www.chess.com"]

[Event "Titled Tuesday Blitz February 21 Early 2023"]
[White "babbilator"]
[Black "Cuenca Jimenez, Jose Fernando"]
[BlackFideId "2255570"]
[WhiteElo "2129"]
[BlackElo "2535"]
[Result "0-1"]
[Round "02"]
[TimeControl "180+2"]
[Date "2023.02.21"]
[WhiteClock "0:00:01"]
[BlackClock "0:00:14"]

1. e4 c5 2. Nc3 Nc6 3. Nf3 e5 4. Bc4 g6 5. d3 h6 6. Nd2 d6 7. Nf1 Bg7 8. Ne3 Nge7 9. O-O O-O 10. f4 exf4 11. Rxf4 Ne5 12. Ncd5 Nxd5 13. Bxd5 Qe7 14. Bd2 Be6 15. Qe2 Nc6 16. c3 Rac8 17. Raf1 b5 18. Nf5 Bxf5 19. Rxf5 gxf5 20. Rxf5 Ne5 21. Qh5 Kh7 22. Qh3 Rh8 23. d4 cxd4 24. cxd4 Ng6 25. Rxf7 Qh4 26. Qf5 Rhf8 27. g3 Rxf7 28. Bxf7 Qf6 29. Bxg6+ Qxg6 30. Qxc8 Bxd4+ 31. Kg2 Qxe4+ 32. Kh3 Bg7 0-1


[Site "https://www.chess.com"]

[Event "Titled Tuesday Blitz February 21 Early 2023"]
[White "Tan, Jun Ying"]
[Black "Bongo Akanga Ndjila, Barthelemy"]
[WhiteFideId "5710413"]
[BlackFideId "10609431"]
[WhiteElo "2307"]
[BlackElo "1824"]
[Result "1-0"]
[Round "02"]
[TimeControl "180+2"]
[Date "2023.02.21"]
[WhiteClock "0:00:12"]
[BlackClock "0:00:15"]

1. d4 d5 2. c4 e6 3. Nc3 a6 4. cxd5 exd5 5. Nf3 Nf6 6. Bg5 Be6 7. Bxf6 Qxf6 8. Qb3 Nd7 9. g3 b5 10. h4 c6 11. Bg2 Bd6 12. O-O O-O 13. e3 Nb6 14. Ng5 Bf5 15. Qd1 Nc4 16. b3 Na3 17. Rc1 h6 18. Nh3 Rfc8 19. Nf4 Bxf4 20. exf4 Re8 21. Qd2 a5 22. Nd1 b4 23. Ne3 Be4 24. Rc5 Bxg2 25. Kxg2 Nb5 26. Nxd5 Qd8 27. Ne3 Qxd4 28. Qxd4 Nxd4 29. Rd1 Nb5 30. Rxc6 Nc3 31. Rd2 a4 32. Rb6 axb3 33. axb3 Ne4 34. Rc2 Rec8 35. Rxc8+ Rxc8 36. Rxb4 Nd2 37. Rb7 Ra8 38. Nc4 Ne4 39. Kf3 Nf6 40. Ne5 Ra3 41. Nxf7 h5 42. Ne5 Kh7 43. f5 Nd5 44. Ke4 Nf6+ 45. Kf4 Ra2 46. f3 Re2 47. Ng6 Nd5+ 48. Kg5 Re3 49. Rb8 Nf6 50. Rh8# 1-0


[Site "https://www.chess.com"]

[Event "Titled Tuesday Blitz February 21 Early 2023"]
[White "Paravyan, David"]
[Black "Chakravarthi Reddy, M"]
[WhiteFideId "4194985"]
[BlackFideId "25009532"]
[WhiteElo "2601"]
[BlackElo "2279"]
[Result "1-0"]
[Round "02"]
[TimeControl "180+2"]
[Date "2023.02.21"]
[WhiteClock "0:02:26"]
[BlackClock "0:01:31"]

1. d4 d5 2. c4 c6 3. Nf3 Nf6 4. e3 Nbd7 5. cxd5 cxd5 6. Nc3 g6 7. Bd3 Bg7 8. O-O O-O 9. h3 a6 10. b3 Re8 11. Bb2 b6 12. Rc1 Bb7 13. Qc2 Rc8 14. Qb1 Rc7 15. Rc2 Qa8 16. Rfc1 Rec8 17. Na4 b5 18. Rxc7 Rxc7 19. Rxc7 bxa4 20. bxa4 Ne8 21. Rxd7 1-0


[Site "https://www.chess.com"]

[Event "Titled Tuesday Blitz February 21 Early 2023"]
[White "Santos Flores, Alberto"]
[Black "Kamsky, Gata"]
[WhiteFideId "3601234"]
[BlackFideId "2000024"]
[WhiteElo "2164"]
[BlackElo "2665"]
[Result "0-1"]
[Round "02"]
[TimeControl "180+2"]
[Date "2023.02.21"]
[WhiteClock "0:00:19"]
[BlackClock "0:00:41"]

1. e4 e5 2. Nf3 Nc6 3. Bc4 Bc5 4. c3 Nf6 5. d3 d6 6. Nbd2 a5 7. O-O O-O 8. h3 h6 9. Re1 Bd7 10. Nf1 a4 11. Ng3 Na5 12. d4 Nxc4 13. dxc5 dxc5 14. Nd2 Nxd2 15. Bxd2 Be6 16. Qe2 Nd7 17. Be3 Qf6 18. Red1 b6 19. Rd2 Qg6 20. Rad1 Nf6 21. a3 Nxe4 22. Nxe4 Qxe4 23. f3 Qg6 24. Kh1 Bb3 25. Re1 Rad8 26. Bg1 Rxd2 27. Qxd2 Qd6 28. Qe2 f6 29. Be3 Rd8 30. Kg1 Qd3 31. Qxd3 Rxd3 32. Kf2 Kf7 33. Re2 Rd1 34. Rd2 Rb1 35. g4 Ke7 36. h4 Bc4 37. h5 Be6 38. Kg2 c6 39. Kg3 Bd5 40. Kf2 Ke6 41. Kg2 f5 42. gxf5+ Kxf5 43. Kg3 Rh1 44. Rh2 Rxh2 45. Kxh2 Bxf3 46. Kg3 Bxh5 0-1


[Site "https://www.chess.com"]

[Event "Titled Tuesday Blitz February 21 Early 2023"]
[White "Lerch, Philipp"]
[Black "Maatman, Nick"]
[WhiteFideId "4654129"]
[BlackFideId "1040391"]
[WhiteElo "2305"]
[BlackElo "2345"]
[Result "0-1"]
[Round "02"]
[TimeControl "180+2"]
[Date "2023.02.21"]
[WhiteClock "0:00:13"]
[BlackClock "0:01:32"]

1. b3 e5 2. Bb2 Nc6 3. e3 d5 4. Bb5 Bd6 5. c4 a6 6. Bxc6+ bxc6 7. h3 Nf6 8. d3 O-O 9. Ne2 Re8 10. Nd2 a5 11. a3 e4 12. d4 Nh5 13. c5 Bf8 14. b4 Qg5 15. g4 Nf6 16. Qb3 h5 17. gxh5 Ba6 18. Nf4 Nxh5 19. Nxh5 Qxh5 20. Qd1 Qh6 21. Qg4 Re6 22. O-O-O Bd3 23. Bc3 axb4 24. Bxb4 Be7 25. Rdg1 Bh4 26. Qf5 Rf6 27. Qe5 Bxf2 28. Rg4 Bxe3 0-1


[Site "https://www.chess.com"]

[Event "Titled Tuesday Blitz February 21 Early 2023"]
[White "Cherniaiev, Tykhon"]
[Black "Shubenkova, Veronika"]
[WhiteFideId "14182360"]
[BlackFideId "44124040"]
[WhiteElo "2330"]
[BlackElo "1960"]
[Result "1-0"]
[Round "02"]
[TimeControl "180+2"]
[Date "2023.02.21"]
[WhiteClock "0:00:02"]
[BlackClock "0:01:06"]

1. Nf3 d5 2. d4 e6 3. c4 Nf6 4. Nc3 c6 5. Bg5 Be7 6. e3 O-O 7. cxd5 exd5 8. Bd3 Bg4 9. O-O Nbd7 10. Rb1 Re8 11. b4 a6 12. Bxf6 Nxf6 13. a4 Bd6 14. b5 axb5 15. axb5 Ne4 16. Rc1 f5 17. bxc6 bxc6 18. Be2 Rc8 19. h3 Bh5 20. Nd2 Bxe2 21. Qxe2 Qg5 22. Nf3 Qh6 23. Nxe4 fxe4 24. Nd2 Re6 25. Kh1 Rf8 26. Rxc6 Rg6 27. f4 exf3 28. Rxf3 Re8 29. Nf1 Qg5 30. Qf2 Rge6 31. Rf5 Qg6 32. Qf3 h6 33. Qxd5 Kh7 34. Qf3 Rb8 35. d5 Re7 36. e4 Rbe8 37. e5 Rxe5 38. Rxe5 Rxe5 39. Rc1 Qg5 40. Qd3+ Qg6 41. Qxg6+ Kxg6 42. Rd1 Re2 43. Nd2 1-0


[Site "https://www.chess.com"]

[Event "Titled Tuesday Blitz February 21 Early 2023"]
[White "Topalov, Aleksandar"]
[Black "Vaibhav Jayant Raut"]
[WhiteFideId "925659"]
[BlackFideId "5089034"]
[WhiteElo "2233"]
[BlackElo "2237"]
[Result "0-1"]
[Round "02"]
[TimeControl "180+2"]
[Date "2023.02.21"]
[WhiteClock "0:00:01"]
[BlackClock "0:00:21"]

1. b3 Nf6 2. Bb2 d5 3. Nf3 g6 4. c4 c6 5. g3 Bg7 6. Bg2 O-O 7. O-O Bf5 8. d3 a5 9. a3 Na6 10. Nbd2 Qb6 11. Qc2 Rac8 12. h3 Rfd8 13. Rfc1 h6 14. c5 Qc7 15. Be5 Qd7 16. g4 Be6 17. Nd4 h5 18. g5 Ne8 19. Bxg7 Nxg7 20. Kh2 Qc7+ 21. Kh1 Qf4 22. N2f3 Bf5 23. Qd2 Qxd2 24. Nxd2 e5 25. Nxf5 Nxf5 26. e3 Ng7 27. h4 Rc7 28. Bh3 Rf8 29. Nf3 Re7 30. d4 exd4 31. Nxd4 f6 32. gxf6 Rxf6 33. Kg2 Ref7 34. f4 Re7 35. Rc3 Rf8 36. Rb1 Ne8 37. b4 axb4 38. axb4 Nf6 39. b5 cxb5 40. Rxb5 Ne4 41. Rc2 Rf6 42. Be6+ Rfxe6 43. Nxe6 Rxe6 44. Rxb7 Naxc5 45. Rb8+ Kf7 46. Rd8 Na6 47. Rxd5 Nb4 48. Rd7+ Kf6 49. Rcc7 Kf5 50. Kh3 Nf6 51. Rf7 Nd5 52. Rc5 Rxe3+ 53. Kg2 Kg4 0-1


[Site "https://www.chess.com"]

[Event "Titled Tuesday Blitz February 21 Early 2023"]
[White "Kouskoutis, Georgios-Alexandros"]
[Black "Belozerov, Andrei"]
[WhiteFideId "4234049"]
[BlackFideId "4120213"]
[WhiteElo "2295"]
[BlackElo "2461"]
[Result "1-0"]
[Round "02"]
[TimeControl "180+2"]
[Date "2023.02.21"]
[WhiteClock "0:00:04"]
[BlackClock "0:00:01"]

1. c4 e6 2. g3 d5 3. Bg2 Nf6 4. Nf3 Be7 5. O-O O-O 6. b3 b6 7. cxd5 Nxd5 8. Bb2 Bb7 9. d4 Nd7 10. Nbd2 c5 11. Rc1 Rc8 12. Nc4 b5 13. Nce5 Nxe5 14. Nxe5 a6 15. dxc5 Rxc5 16. Rxc5 Bxc5 17. Qa1 Be7 18. Rc1 Qd6 19. Nd3 f6 20. e4 Nb6 21. e5 Qxd3 22. Bxb7 Nd5 23. Rd1 Qf5 24. Bxd5 exd5 25. exf6 Bxf6 26. Bxf6 Rxf6 27. Qd4 Rf7 28. Rd2 h6 29. Qxd5 Qxd5 30. Rxd5 Rc7 31. Rd6 a5 32. Ra6 Rc1+ 33. Kg2 a4 34. bxa4 bxa4 35. Rxa4 Rc2 36. h4 h5 37. Ra5 g6 38. Ra7 Kf8 39. a4 Rc3 40. a5 Ra3 41. a6 Kg8 42. Kf1 Ra2 43. Ke1 Kf8 44. Ra8+ Kg7 45. a7 Kh7 46. Kd1 Kg7 47. Kc1 Ra1+ 48. Kb2 Ra6 49. Kc3 Ra1 50. Kb4 Rb1+ 51. Kc5 Rc1+ 52. Kd4 Rd1+ 53. Ke5 Re1+ 54. Kf4 Ra1 55. f3 Ra4+ 56. Ke3 Ra3+ 57. Kd4 Ra6 58. Ke3 Ra3+ 59. Kf2 Ra2+ 60. Kg1 Ra1+ 61. Kg2 Ra2+ 62. Kh3 Ra3 63. Kg2 Ra2+ 64. Kf1 Ra1+ 65. Ke2 Ra2+ 66. Kd1 Ra1+ 67. Kc2 Ra6 68. Kd3 Ra3+ 69. Kc4 Ra1 70. Kb5 Rb1+ 71. Kc6 Rc1+ 72. Kd7 Rd1+ 73. Ke6 Re1+ 74. Kd6 Ra1 75. Ke5 Re1+ 76. Kf4 Ra1 77. g4 Ra4+ 78. Kg3 hxg4 79. f4 Kh7 80. Kxg4 Ra5 81. Kg3 Ra3+ 82. Kg4 Ra4 83. h5 gxh5+ 84. Kxh5 Kg7 85. f5 Ra5 86. Kg4 Ra4+ 87. Kf3 Ra6 88. Ke2 Ra2+ 89. Kd3 Ra1 90. f6+ Kxf6 91. Rf8+ Kg7 92. a8=Q Rxa8 93. Rxa8 1-0


[Site "https://www.chess.com"]

[Event "Titled Tuesday Blitz February 21 Early 2023"]
[White "Sadubayev, Airat"]
[Black "Kalajzic, Ivan"]
[WhiteFideId "13713264"]
[BlackFideId "14506378"]
[WhiteElo "2320"]
[BlackElo "2062"]
[Result "1-0"]
[Round "02"]
[TimeControl "180+2"]
[Date "2023.02.21"]
[WhiteClock "0:00:10"]
[BlackClock "0:00:02"]

1. d4 Nc6 2. e4 e5 3. Nf3 exd4 4. Nxd4 Nf6 5. Nc3 Bb4 6. Nxc6 bxc6 7. Bd3 d5 8. exd5 cxd5 9. O-O O-O 10. h3 c6 11. Qf3 Bd6 12. Bg5 Rb8 13. Rab1 Be5 14. Rfe1 Qd6 15. Na4 h6 16. Be3 d4 17. Bd2 c5 18. b3 Bb7 19. Qd1 Bh2+ 20. Kh1 Rfe8 21. Nb2 Bf4 22. Nc4 Qc7 23. Bxf4 Qxf4 24. Qd2 Qh4 25. Kg1 Nd5 26. Nd6 Rxe1+ 27. Rxe1 Bc6 28. Nf5 Qf6 29. Be4 Kh8 30. Ng3 Nb4 31. a3 Nd5 32. Qa5 Nf4 33. Qxc5 Bxe4 34. Rxe4 Ne6 35. Qe5 Rd8 36. Qxf6 gxf6 37. Kf1 d3 38. cxd3 Rxd3 39. Re3 Rd2 40. Nf5 Nf4 41. g3 Nd5 42. Re2 Rd1+ 43. Kg2 Kh7 44. Rb2 Ra1 45. a4 Nc3 46. Ne3 Ne2 47. Rxe2 Kg6 48. Rb2 Rc1 49. h4 h5 50. Kf3 Rc3 51. b4 f5 52. a5 f4 53. gxf4 f5 54. b5 Rc5 55. b6 axb6 56. axb6 Rc8 57. b7 Rb8 58. Nc4 Kf6 59. Na5 Ke6 60. Nc6 Re8 61. Re2+ Kd6 62. Rxe8 Kxc6 63. b8=Q Kc5 64. Qe5+ 1-0


[Site "https://www.chess.com"]

[Event "Titled Tuesday Blitz February 21 Early 2023"]
[White "Aldokhin, Ivan"]
[Black "Shtompel, Yuriy"]
[WhiteFideId "24115720"]
[BlackFideId "14168278"]
[WhiteElo "2413"]
[BlackElo "1938"]
[Result "1-0"]
[Round "02"]
[TimeControl "180+2"]
[Date "2023.02.21"]
[WhiteClock "0:00:50"]
[BlackClock "0:00:11"]

1. e4 c5 2. Nf3 d6 3. d4 cxd4 4. Nxd4 Nf6 5. Nc3 a6 6. Bc4 e6 7. Bb3 Nbd7 8. O-O Nc5 9. Qf3 Qc7 10. Re1 Be7 11. Bg5 Nxb3 12. axb3 O-O 13. Qg3 Kh8 14. Qh4 h6 15. Re3 Qc5 16. Bxh6 Qh5 17. Qxh5 Nxh5 18. Rh3 gxh6 19. Rxh5 Kg7 20. Rd1 Bd7 21. Rd3 Rac8 22. Rg3+ Kh7 23. Rgh3 Bf6 24. Rxh6+ Kg7 25. Nde2 e5 26. Rh7+ Kg8 27. Nd5 Bg5 28. Rh8+ Kg7 29. Rxf8 Rxf8 30. Rg3 f6 31. h4 Rc8 32. hxg5 Rxc2 33. gxf6+ Kf7 34. Rg7+ Kf8 35. Nec3 Bb5 36. Nxb5 axb5 37. Rxb7 Rxb2 38. g4 Rb1+ 39. Kg2 Rxb3 40. g5 Ra3 41. g6 1-0


[Site "https://www.chess.com"]

[Event "Titled Tuesday Blitz February 21 Early 2023"]
[White "Gamage, Wanshini Vidusama"]
[Black "Ibadov, Dashgyn"]
[WhiteFideId "9953752"]
[BlackFideId "24107514"]
[WhiteElo "1089"]
[BlackElo "2391"]
[Result "1-0"]
[Round "02"]
[TimeControl "180+2"]
[Date "2023.02.21"]
[WhiteClock "0:00:20"]
[BlackClock "0:00:01"]

1. e4 c5 2. Nf3 d6 3. d4 cxd4 4. Nxd4 Nf6 5. Nc3 a6 6. Rg1 e5 7. Nb3 h5 8. Be3 Be6 9. h3 Nbd7 10. g4 hxg4 11. hxg4 Rc8 12. g5 Rxc3 13. gxf6 Rxe3+ 14. fxe3 Nxf6 15. Qf3 d5 16. exd5 Bxd5 17. Qf5 Qc7 18. Bd3 e4 19. Be2 Qxc2 20. Rc1 Bb4+ 21. Kf1 Qxb2 22. Rc8+ Ke7 23. Rxh8 Be6 24. Qg5 Qxa2 25. Nd4 Qa1+ 26. Kg2 Qb2 27. Qxg7 Nd7 28. Nc6+ bxc6 29. Qxb2 Bd6 30. Kf1 Be5 31. Qc2 Bxh8 32. Qxc6 Be5 33. Qxe4 Bd6 34. Bg4 1-0


[Site "https://www.chess.com"]

[Event "Titled Tuesday Blitz February 21 Early 2023"]
[White "Sharapov, Evgeny"]
[Black "Prudnykova, Olga"]
[WhiteFideId "14103133"]
[BlackFideId "14121093"]
[WhiteElo "2375"]
[BlackElo "2268"]
[Result "1-0"]
[Round "02"]
[TimeControl "180+2"]
[Date "2023.02.21"]
[WhiteClock "0:01:22"]
[BlackClock "0:00:43"]

1. e4 c5 2. Nf3 Nf6 3. Nc3 e6 4. e5 Nd5 5. Nxd5 exd5 6. d4 Nc6 7. c3 d6 8. exd6 Bxd6 9. Be2 O-O 10. O-O c4 11. h3 Bf5 12. Re1 Re8 13. Be3 Bc7 14. Qd2 Qd6 15. b3 b5 16. a4 a6 17. axb5 axb5 18. Rxa8 Rxa8 19. bxc4 bxc4 20. Bd1 Be4 21. g3 Qd7 22. Kh2 Bf5 23. h4 h6 24. Bf4 Ba5 25. Ne5 Nxe5 26. Bxe5 Re8 27. Bf3 Re6 28. Bf4 Rxe1 29. Qxe1 Be6 30. Qa1 Bc7 31. Bxc7 Qxc7 32. Qa8+ Kh7 33. Bxd5 Qb6 34. Bxe6 fxe6 35. Qe4+ g6 36. h5 1-0


[Site "https://www.chess.com"]